 Dungeon Crawl Stone Soup version 0.29.0-4-gdea44cf6ec (webtiles) character file.

Game seed: 16939646485168221652

24 qw the Caller (level 3, -3/28 HPs)
             Began as a Ghoul Summoner on Sept 9, 2022.
             Slain by Sigmund
             ... wielding a +0 scythe
              (4 damage)
             ... on level 2 of the Dungeon.
             The game lasted 00:00:32 (1263 turns).

qw the Caller (Ghoul Summoner)                      Turns: 1263, Time: 00:00:32

Health: -3/28      AC:  8    Str: 13    XL:     3   Next: 2%
Magic:  4/4        EV:  5    Int: 10    God:
Gold:   90         SH:  0    Dex:  9    Spells: 4/5 levels left

rFire   . . .      SeeInvis .   d - +0 hand axe (vamp)
rCold   + . .      Faith    .   (no shield)
rNeg    + + +      Spirit   .   c - +0 chain mail
rPois   inf        Reflect  .   (no helmet)
rElec   .          Harm     .   (no cloak)
rCorr   .          Rampage  .   (no gloves)
Will    .....                   (no boots)
Stlth   ..........              (no amulet)
HPRegen 0.00/turn               (no ring)
MPRegen 0.09/turn               (no ring)

@: about to teleport, inhibited regen
A: claws 1, cold resistance 1, negative energy resistance 3, inhibited
regeneration, torment resistance 2, devour on kill
a: no special abilities


You were on level 2 of the Dungeon.
You visited 1 branch of the dungeon, and saw 2 of its levels.

You collected 90 gold pieces.


Innate Abilities, Weirdness & Mutations

You are immune to poison.
You have sharp fingernails.
Your flesh is cold resistant. (rC+)
You are immune to negative energy. (rN+++)
You do not regenerate when monsters are visible.
You are immune to unholy pain and torment.
You thrive by killing the living.


   Skills:
 + Level 1.0 Fighting
 - Level 2.0 Axes
 - Level 1.7 Dodging
 - Level 2.1 Stealth
 - Level 1.7 Spellcasting
 - Level 3.6 Summonings


You had 4 spell levels left.
You knew the following spells:

 Your Spells              Type           Power      Damage    Failure   Level
a - Summon Small Mammal   Summ           32%        N/A       95%         1

Your spell library contained the following spells:

 Spells                   Type           Power      Damage    Failure   Level
 Call Imp                 Summ           8%         N/A       99%         2
 Call Canine Familiar     Summ           8%         N/A       100%        3
 Summon Guardian Golem    Hex/Summ       4%         N/A       100%        3
 Summon Lightning Spire   Summ/Air       4%         N/A       100%        4

Inventory:

Hand Weapons
 d - a +0 vampiric hand axe (weapon)
 g - a +0 club
Missiles
 h - 6 javelins (quivered)
Armour
 c - a +0 chain mail (worn)
Scrolls
 a - a scroll of noise {unknown}
 k - a scroll of identify
Potions
 i - a potion of curing {unknown}
 m - a potion of lignification {unknown}

Dungeon Overview and Level Annotations

Branches:
Dungeon (2/15)

Altars:

Annotations:
D:1 1 transporter
D:2 Sigmund


Message History

You now have 81 gold pieces (gained 10).
You now have 90 gold pieces (gained 9).
You see here a dart slug corpse.
You feel your willpower return.
Sigmund the Dreaded comes into view.
He is wielding a +0 scythe and carrying a wand of polymorph (11).
Found 4 stones.
Sigmund gestures at you while chanting. You resist with significant effort.
1252 ||| Stepping ~*~*~tactically~*~*~ (hiding).
You start waiting.
Sigmund is nearby!
Sigmund hits you from afar with a +0 scythe.
Sigmund casts a spell at you. The puff of flame hits you.
You hit Sigmund.
You feel better.
Sigmund is lightly wounded.
Sigmund points at you and mumbles some strange words.
The puff of flame hits you!
You barely miss Sigmund.
Sigmund is lightly wounded.
Sigmund hits you with a +0 scythe.
You barely miss Sigmund.
Sigmund is lightly wounded.
Sigmund hits you but does no damage.
You hit Sigmund.
Sigmund is lightly wounded.
Sigmund hits you but does no damage.
You barely miss Sigmund.
Sigmund is lightly wounded.
You barely miss Sigmund. Your claw misses Sigmund.
Sigmund is lightly wounded.
Sigmund hits you with a +0 scythe!
1262 ||| READING scroll of teleportation.
As you read the scroll of teleportation, it crumbles to dust.
You feel strangely unstable. Sigmund hits you with a +0 scythe.
You barely miss Sigmund.
Sigmund is lightly wounded.
Sigmund hits you with a +0 scythe.
You die...

+.......# #( #.......#
.###+# #.......###.
..#.###....%......
#####.#.#.....##.#....
+.....#.#.....##......
#...$...#.....##......
..#.......#<............
......@@..#.....##......
...#....#.......+......#
#....#####...# ####.#
###### #...# #...#
+..... #...### #####


You could see Sigmund.

Vanquished Creatures
  A dart slug (D:2)
  2 ball pythons (D:1)
  2 bats (D:1)
  5 goblins (D:1)
  A hobgoblin (D:1)
  A quokka (D:1)
  A frilled lizard (D:1)
  A rat (D:1)
14 creatures vanquished.

Vanquished Creatures (collateral kills)
  An endoplasm (D:1)
  A bat (D:1)
  A frilled lizard (D:1)
  3 rats (D:1)
6 creatures vanquished.

Grand Total: 20 creatures vanquished

Notes
Turn   | Place    | Note
-------+----------+-------------------------------------------
     0 | D:1      | qw the Ghoul Summoner began the quest for the Orb.
     0 | D:1      | Reached XP level 1. HP: 14/14 MP: 2/2
     0 | D:1      | 0 ||| qw: Version: 0.1-a-113-g051387a
     0 | D:1      | 0 ||| qw: Game counter: 6975
     0 | D:1      | 0 ||| qw: Always use a shield: true
     0 | D:1      | 0 ||| qw: God list: Okawaru
     0 | D:1      | 0 ||| qw: Allow faded altars: false
     0 | D:1      | 0 ||| qw: Do Orc after D:15 true
     0 | D:1      | 0 ||| qw: Do second Lair branch before Depths: true
     0 | D:1      | 0 ||| qw: Lair rune preference: random
     0 | D:1      | 0 ||| qw: Plans: Normal
     0 | D:1      | 0 ||| PLANNING D:1-11
    17 | D:1      | 17 ||| CASTING Summon Small Mammal
    18 | D:1      | 18 ||| CASTING Summon Small Mammal
    56 | D:1      | 56 ||| Wielding weapon +0 vampiric hand axe.
    75 | D:1      | 75 ||| CASTING Summon Small Mammal
    76 | D:1      | 76 ||| CASTING Summon Small Mammal
   166 | D:1      | 166 ||| CASTING Summon Small Mammal
   167 | D:1      | 167 ||| CASTING Summon Small Mammal
   192 | D:1      | 192 ||| CASTING Summon Small Mammal
   193 | D:1      | 193 ||| CASTING Summon Small Mammal
   198 | D:1      | Reached skill level 1 in Axes
   220 | D:1      | 220 ||| CASTING Summon Small Mammal
   221 | D:1      | 221 ||| CASTING Summon Small Mammal
   246 | D:1      | 246 ||| CASTING Summon Small Mammal
   247 | D:1      | 247 ||| CASTING Summon Small Mammal
   254 | D:1      | Reached skill level 1 in Fighting
   254 | D:1      | Reached XP level 2. HP: 23/23 MP: 0/3
   333 | D:1      | 333 ||| CASTING Summon Small Mammal
   334 | D:1      | 334 ||| CASTING Summon Small Mammal
   335 | D:1      | 335 ||| CASTING Summon Small Mammal
   375 | D:1      | Found a faded altar of an unknown god.
   376 | D:1      | 376 ||| CASTING Summon Small Mammal
   377 | D:1      | 377 ||| CASTING Summon Small Mammal
   378 | D:1      | 378 ||| CASTING Summon Small Mammal
   449 | D:1      | 449 ||| CASTING Summon Small Mammal
   452 | D:1      | 452 ||| CASTING Summon Small Mammal
   494 | D:1      | 494 ||| CASTING Summon Small Mammal
   556 | D:1      | 556 ||| CASTING Summon Small Mammal
   557 | D:1      | 557 ||| CASTING Summon Small Mammal
   558 | D:1      | 558 ||| CASTING Summon Small Mammal
   684 | D:1      | 684 ||| CASTING Summon Small Mammal
   685 | D:1      | 685 ||| CASTING Summon Small Mammal
   686 | D:1      | 686 ||| CASTING Summon Small Mammal
   897 | D:1      | 897 ||| CASTING Summon Small Mammal
   898 | D:1      | 898 ||| CASTING Summon Small Mammal
   899 | D:1      | 899 ||| CASTING Summon Small Mammal
  1112 | D:1      | 1112 ||| CASTING Summon Small Mammal
  1113 | D:1      | 1113 ||| CASTING Summon Small Mammal
  1114 | D:1      | 1114 ||| CASTING Summon Small Mammal
  1124 | D:1      | 1124 ||| CASTING Summon Small Mammal
  1188 | D:1      | 1188 ||| UPGRADING to +0 chain mail.
  1198 | D:1      | 1198 ||| DROPPING +0 robe.
  1199 | D:1      | 1199 ||| READING 2 scrolls labelled GANIEXZIUTT.
  1202 | D:1      | 1202 ||| READING scroll labelled NUSTEXZ WINTOE.
  1203 | D:1      | 1203 ||| READING 2 scrolls labelled KOLENN MIPPONE.
  1204 | D:1      | 1204 ||| READING scroll labelled TUIT UDIHAXOO.
  1205 | D:1      | 1205 ||| READING scroll labelled TUENNO FAONA.
  1206 | D:1      | 1206 ||| DROPPING potion of magic.
  1237 | D:2      | Reached XP level 3. HP: 28/28 MP: 4/4
  1251 | D:2      | Noticed Sigmund
  1252 | D:2      | 1252 ||| Stepping ~*~*~tactically~*~*~ (hiding).
  1261 | D:2      | HP: 5/28 [Sigmund/+0 scythe (8)]
  1262 | D:2      | 1262 ||| READING scroll of teleportation.
  1262 | D:2      | HP: 1/28 [Sigmund/+0 scythe (4)]
  1263 | D:2      | Slain by Sigmund

Levels and vault maps discovered:
D:1:      spicycebolla_arrival_risky_transporter, layout_basic,
          hellmonk_ecumenical_altar_blasted, minmay_bisected
D:2:      layout_basic, basic_altar, uniq_sigmund

Skill      XL: |  1  2 |
---------------+-------+-----
Axes           | 1 2 |  2.0
Fighting       | 1 |  1.0
Dodging        | |  1.7
Stealth        | |  2.1
Spellcasting   | |  1.7
Summonings     | |  3.6

Action                   || total
-------------------------++-------
Melee: Hand axe          ||    43
       Unarmed           ||     3
       Punch             ||     2
Throw: Javelin           ||     1
 Cast: Summon Small Mamm ||    32
  Use: Scroll            ||     6
Armor: Robe              ||    10
       Chain mail        ||     4
Dodge: Dodged            ||    25

Table legend:
 A = Non-vault XP
 B = Vault XP
 C = Vault XP percentage of total XP
 D = Non-vault monster count
 E = Vault monster count
 F = Vault count percentage of total count
                 A         B        C        D         E       F
            +---------+---------+-------+---------+---------+-------
      Total |      27 |       8 |  22.9 |      16 |       4 |  20.0
            +---------+---------+-------+---------+---------+-------
        D:1 |      23 |       8 |  25.8 |      15 |       4 |  21.1
        D:2 |       4 |       0 |   0.0 |       1 |       0 |   0.0
            +---------+---------+-------+---------+---------+-------
